 Dungeon Crawl Stone Soup version 0.31.0-32-g396128a36d (webtiles) character file.

Game seed: 12097244433705765653

1500 MollyMolluskus the Ruffian (level 8, -1/57 HPs)
             Began as an Octopode Fighter on Apr 2, 2024.
             Was a Follower of Wu Jian.
             Slain by a sky beast (3 damage)
             ... on level 6 of the Dungeon.
             The game lasted 00:13:57 (4233 turns).

MollyMolluskus the Ruffian (Octopode Fighter)       Turns: 4233, Time: 00:13:58

Health: -1/57      AC:  1    Str: 17    XL:     8   Next: 81%
Magic:  8/8        EV: 16    Int: 10    God:    Wu Jian [*.....]
Gold:   238        SH:  5    Dex: 18    Spells: 7/7 levels left

rFire   . .          .
                       - Unarmed
rCold   . . .        a - +0 buckler
rNeg    . . .        (helmet restricted)
rPois   .            (no amulet)
rElec   .            d - +6 ring of dexterity
rCorr   .            (no ring)
SInv    .            (no ring)
Will    +....        (no ring)
Stlth   ++++         (no ring)
HPRegen 0.29/turn    (no ring)
MPRegen 0.11/turn    (no ring)
                     (no ring)

%: no passive effects
@: enlightened, flying
A: almost no armour, amphibious, 8 rings, camouflage 1, gelatinous body 1,
(nimble swimmer 1), tentacles
a: Renounce Religion


You were on level 6 of the Dungeon.
You worshipped Wu Jian.
Wu Jian was aware of your devotion.
You visited 2 branches of the dungeon, and saw 7 of its levels.

You collected 238 gold pieces.

Inventory:

Missiles
 b - 5 boomerangs
 e - 4 poisoned darts (quivered)
 j - a throwing net
Armour
 a - a +0 buckler (worn)
Jewellery
 d - a +6 ring of dexterity (left tentacle)
Wands
 k - a wand of polymorph (1)
Scrolls
 c - a scroll of revelation
 f - 2 scrolls of teleportation
Potions
 g - a potion of attraction
 h - a potion of ambrosia
 l - a potion of magic {unknown}


   Skills:
 + Level 5.7 Fighting
 + Level 5.7 Dodging
 - Level 4.0 Stealth
 - Level 4.0 Shields
 * Level 7.2 Unarmed Combat


You had 7 spell levels left.
You didn't know any spells.
Your spell library contained the following spells:

 Spells                   Type           Power      Damage    Failure   Level
 Magic Dart               Conj           0%         1d3       43%         1
 Blink                    Tloc           0%         N/A       58%         2
 Call Imp                 Summ           0%         N/A       58%         2
 Lesser Beckoning         Tloc           0%         N/A       58%         2
 Momentum Strike          Conj/Tloc      0%         3d8       58%         2
 Dazzling Flash           Conj/Hex       0%         N/A       82%         3
 Volatile Blastmotes      Fire/Tloc      0%         2d10      82%         3
 Starburst                Conj/Fire      0%         6d3       100%        6
 Maxwell's Capacitive Co  Air            0%         ∞         100%        8


Dungeon Overview and Level Annotations

Branches:
Dungeon (6/15)             Temple (1/1) D:4

Altars:
Dithmenos
Hepliaklqana
Nemelex Xobeh
Okawaru
Qazlal
Ru
Sif Muna
Vehumet
Wu Jian
Xom
The Shining One
Lugonu

Annotations:
D:4 1 runed translucent door


Innate Abilities, Weirdness & Mutations

You cannot wear most types of armour.
You are amphibious.
You can wear up to eight rings at the same time.
Your skin changes colour to match your surroundings (Stealth+).
Your rubbery body absorbs attacks. (AC +1, EV +1)
((You are camouflaged when in or above water. (Stealth+)))
You have tentacles for arms and can constrict up to eight enemies at once.


Message History

You closely miss the sky beast.
The sky beast is moderately wounded.
The sky beast completely misses you.
You closely miss the sky beast.
The sky beast is moderately wounded.
The sky beast hits you but does no damage.
You closely miss the sky beast. Your squeeze misses the sky beast.
The sky beast is moderately wounded.
The sky beast hits you. The sky beast shocks you.
You barely miss the sky beast.
The sky beast is moderately wounded.
The sky beast hits you. The sky beast shocks you.
You closely miss the sky beast. You squeeze the sky beast.
The sky beast is moderately wounded.
The sky beast hits you. The sky beast shocks you.
You closely miss the sky beast. You squeeze the sky beast.
The sky beast is moderately wounded.
You tentacle-slap the sky beast.
The sky beast is heavily wounded.
The sky beast flickers out of sight!
Deactivating autopickup; reactivate with Ctrl-A.
Something hits you. Something shocks you.
You tentacle-slap something but do no damage.
Something hits you. Something shocks you.
You tentacle-slap something but do no damage.
You squeeze something! Something hits you.
* * * LOW HITPOINT WARNING * * *
Something shocks you.
* * * LOW HITPOINT WARNING * * *
You tentacle-slap something.
Your tentacle-slap misses something.
Your squeeze misses something. Something hits you.
* * * LOW HITPOINT WARNING * * *
Something shocks you.
* * * LOW HITPOINT WARNING * * *
Okay, then.
Okay, then.
It was a potion of enlightenment.
You feel very buoyant.
You fly up into the air.
Something hits you.
You die...

#......#○...§#.......
##########.###.......
#...........
..###...........
.................
....##.#..######
?..........# .
.##..#...# #....@.#
##.#.{>...#
#.#.#.##.# # #.#.. ..
#. ..# ## .. ..# #.
..# ## ###


There were no monsters in sight!

Vanquished Creatures
  The ghost of jimmypageman the Magician, an amateur GnWn of Okawaru (D:4)
  Grinder (D:4)
  2 ice beasts
  A sky beast (D:6)
  An ogre (D:4)
  A bullfrog (D:4)
  A scorpion (D:4)
  A bombardier beetle (D:4)
  2 hounds
  A gnoll bouda (D:5)
  5 iguanas
  2 orc wizards
  Natasha (thrice) (D:4)
  A statue (D:3)
  10 gnolls
  5 adders
  A shadow imp (D:5)
  2 ribbon worms (D:4)
  A dart slug (D:1)
  10 orcs
  6 bats
  5 endoplasms
  2 giant cockroaches
  10 goblins
  5 hobgoblins
  6 kobolds
  4 quokkas
  5 ball pythons
  3 frilled lizards
  4 rats
102 creatures vanquished.

Notes
Turn   | Place    | Note
-------+----------+-------------------------------------------
     0 | D:1      | MollyMolluskus the Octopode Fighter began the quest for the
                  | Orb.
     0 | D:1      | Reached XP level 1. HP: 16/16 MP: 1/1
    48 | D:1      | Found a faded altar of an unknown god.
    97 | D:1      | Reached XP level 2. HP: 21/21 MP: 2/2
   135 | D:1      | You fall into a shaft and drop 1 floor!
   276 | D:1      | Reached skill level 1 in Stealth
   404 | D:2      | Reached XP level 3. HP: 4/26 MP: 3/3
   968 | D:3      | Reached XP level 4. HP: 24/31 MP: 4/4
   969 | D:3      | Reached skill level 3 in Unarmed Combat
  1050 | D:3      | Found an iron altar of Okawaru.
  1208 | D:3      | Found a large runed translucent door.
  1209 | D:3      | Found a large runed translucent door.
  1211 | D:3      | HP: 1/31 [goblin/+1 dagger of venom (4)]
  1380 | D:3      | Found a shimmering altar of Xom.
  1478 | D:3      | Found a sparkling altar of Nemelex Xobeh.
  1487 | D:3      | Reached XP level 5. HP: 24/36 MP: 5/5
  1621 | D:3      | Found a radiant altar of Vehumet.
  1621 | D:3      | Noticed a charred statue
  1646 | D:3      | Killed a charred statue
  1861 | D:4      | Noticed an ogre
  1914 | D:4      | Found a runed translucent door.
  1915 | D:4      | Noticed jimmypageman's ghost (amateur GnWn)
  1930 | D:4      | Reached skill level 4 in Unarmed Combat
  1930 | D:4      | Reached XP level 6. HP: 20/43 MP: 6/6
  2027 | D:4      | Found a staircase to the Ecumenical Temple.
  2033 | Temple   | Entered the Ecumenical Temple
  2048 | Temple   | Became a worshipper of the Wu Jian Council
  2105 | D:4      | Found a runed translucent door.
  2106 | D:4      | Noticed an ice beast
  2153 | D:4      | Killed an ice beast
  2341 | D:4      | Reached XP level 7. HP: 48/48 MP: 7/7
  2554 | D:4      | Noticed Natasha
  2560 | D:4      | Killed Natasha
  2612 | D:4      | Noticed Natasha
  2618 | D:4      | Killed Natasha
  2647 | D:4      | Noticed Natasha
  2652 | D:4      | Reached skill level 5 in Unarmed Combat
  2655 | D:4      | Killed Natasha
  2700 | D:4      | Noticed Grinder
  2702 | D:4      | Paralysed by Grinder for 5 turns
  2708 | D:4      | Paralysed by Grinder for 4 turns
  2714 | D:4      | Killed Grinder
  2951 | D:5      | Entered Level 5 of the Dungeon
  2979 | D:4      | Reached XP level 8. HP: 54/54 MP: 8/8
  2988 | D:4      | Killed jimmypageman's ghost
  2989 | D:4      | Reached skill level 5 in Fighting
  2989 | D:4      | Reached skill level 5 in Dodging
  2989 | D:4      | Reached skill level 6 in Unarmed Combat
  3225 | D:5      | Reached * piety under Wu Jian
  3762 | D:5      | Reached skill level 7 in Unarmed Combat
  4168 | D:6      | Found a stormy altar of Qazlal.
  4232 | D:6      | HP: 2/57 [something (5)]
  4233 | D:6      | Slain by a sky beast

Illustrated notes

Levels and vault maps discovered:
D:1:      eino_arrival_water_star, layout_rooms,
          shapermc_ecumenical_altar_ellora
D:2:      layout_rooms
D:3:      due_chaos_kobolds, layout_rooms, kennysheep_okawaru_gauntlet,
          vehumet_statue, mainiacjoe_overflow_alcove_1,
          minmay_misc_feat_hallway, st_stairs_9
D:4:      layout_cave_pools, minmay_temple_entry_hall, ebering_ghost_sewer_f,
          serial_bayou_lake_a, uniq_natasha, uniq_grinder
D:5:      layout_cave_pods
D:6:      layout_basic, fedhas_altar_2, grunt_qazlal_clouds,
          xom_confusion_cloud, uniq_maggie, uniq_blork_the_orc
Temple:   corrupted_temple

Skill      XL: |  1  2  3  4  5  6  7  8 |
---------------+-------------------------+-----
Stealth        | 1 2 3 4 |  4.0
Unarmed Combat | 3 4 5 7 |  7.2
Fighting       | 4 5 |  5.7
Dodging        | 4 5 |  5.7
Shields        | 4 |  4.0

Action                     |  1- 3 |  4- 6 |  7- 9 || total
---------------------------+-------+-------+-------++-------
  Melee: Unarmed           |    59 |   114 |   113 ||   286
         Constrict         |    13 |    21 |    24 ||    58
         Tentacles         |    13 |    23 |    34 ||    70
         Punch             |       |     5 |     6 ||    11
  Throw: Stone             |     3 |     6 |       ||     9
         Throwing net      |       |     1 |       ||     1
         Dart              |       |       |     4 ||     4
Ability: Lunge             |       |    10 |    19 ||    29
         Whirlwind         |       |       |     1 ||     1
    Use: Scroll            |     4 |     1 |     4 ||     9
         Potion            |       |     2 |     2 ||     4
   Stab: Sleeping          |     3 |     4 |    12 ||    19
         Distracted        |       |       |     2 ||     2
 Armour: Skin              |    19 |    47 |    32 ||    98
  Dodge: Dodged            |    35 |    49 |    31 ||   115
  Block: Buckler           |     7 |    12 |    13 ||    32
